 Dungeon Crawl Stone Soup version 0.24-a0-397-g73b976d855 (webtiles) character file.

Game seed: 13660924698218021115

33 Lanoc the Bolt Thrower (level 3, 0/31 HPs)
             Began as a Minotaur Hunter on June 4, 2019.
             Succumbed to an adder's poison
             ... on level 2 of the Dungeon.
             The game lasted 00:01:17 (425 turns).

Lanoc the Bolt Thrower (Minotaur Hunter)             Turns: 425, Time: 00:01:17

Health: 0/31       AC:  4    Str: 17    XL:     3   Next: 12%
Magic:  2/2        EV: 12    Int:  8    God:
Gold:   24         SH:  0    Dex: 10    Spells: 2/2 levels left

rFire    . . .     SeeInvis .   b - +0 short sword
rCold    . . .     Gourm    .   (no shield)
rNeg     . . .     Faith    .   c - +0 leather armour
rPois    .         Spirit   .   i - +0 hat
rElec    .         Reflect  .   e - +0 cloak
rCorr    .         Harm     .   (no gloves)
MR       .....                  (no boots)
Stlth    +.........             (no amulet)
HPRegen  0.10/turn              (no ring)
MPRegen  0.08/turn              (no ring)

@: lethally poisoned (0 -> -2)
A: retaliatory headbutt, horns 2
a: no special abilities


You were on level 2 of the Dungeon.
You were not hungry.

You visited 1 branch of the dungeon, and saw 2 of its levels.

You collected 24 gold pieces.

Inventory:

Hand Weapons
 a - a +1 hand crossbow
 b - a +0 short sword (weapon)
Missiles
 d - 18 bolts
Armour
 c - a +0 leather armour (worn)
 e - a +0 cloak (worn)
 i - a +0 hat (worn)
Scrolls
 g - a scroll of magic mapping {unknown}
 h - 2 scrolls of fear {unknown}
 j - a scroll of remove curse {unknown}
 k - a scroll of identify {unknown}
Comestibles
 f - 2 rations


   Skills:
 + Level 3.0 Fighting
 * Level 5.0 Crossbows
 + Level 2.7 Dodging
 - Level 0.7 Stealth


You had 2 spell levels left.
You didn't know any spells.
Your spell library was empty.

Dungeon Overview and Level Annotations

Branches:
Dungeon (2/15)

Altars:
Cheibriados


Innate Abilities, Weirdness & Mutations

You reflexively headbutt those who attack you in melee.
You have a pair of horns on your head.


Message History

* * * LOW HITPOINT WARNING * * *
You feel sick.
* * * LOW HITPOINT WARNING * * *
You feel sick.
* * * LOW HITPOINT WARNING * * *
You feel sick.
Things that are here:
2 chunks of flesh; an adder skeleton
* * * LOW HITPOINT WARNING * * *
You feel sick.
* * * LOW HITPOINT WARNING * * *
You feel sick.
* * * LOW HITPOINT WARNING * * *
You feel sick.
You see here 6 gold pieces.
* * * LOW HITPOINT WARNING * * *
You feel sick.
* * * LOW HITPOINT WARNING * * *
You feel sick.
You die...

#... #.. #### ####..
.... #..... ....
#.##.#..# .
####.##.#..#>#
#..........#.#.#
#..#@##.####.#.###
#.....#...........
#.............)#
##.....####.#.#.##
###...#.####.##.#..#
#...#.#............#
##.#...######.......#
# #.#####.#
###..)..##.#
##.###.##
#..........#


There were no monsters in sight!

Vanquished Creatures
  2 adders (D:2)
  A dart slug (D:1)
  A giant cockroach (D:1)
  2 goblins (D:1)
  2 hobgoblins (D:1)
  2 bats
  A frilled lizard (D:2)
  2 kobolds
  3 rats (D:1)
16 creatures vanquished.

Notes
Turn   | Place    | Note
-------+----------+-------------------------------------------
     0 | D:1      | Lanoc the Minotaur Hunter began the quest for the Orb.
     0 | D:1      | Reached XP level 1. HP: 18/18 MP: 0/0
    87 | D:1      | Reached XP level 2. HP: 25/25 MP: 1/1
   355 | D:2      | Found a snail-covered altar of Cheibriados.
   401 | D:2      | Reached skill level 5 in Crossbows
   401 | D:2      | Reached XP level 3. HP: 9/31 MP: 2/2
   417 | D:2      | HP: 1/31 [poisoned by an adder]
   425 | D:2      | Succumbed to an adder's poison

Levels and vault maps discovered:
D:1:      ncdulo_wetmaze, layout_loops_ring
D:2:      layout_loops_ring, cheibriados_altar_1, first_ration,
          solitary_fountain, uniq_jessica

Skill      XL: |  1  2 |
---------------+-------+-----
Fighting       | 3 |  3.0
Crossbows      | 5 |  5.0
Dodging        | |  2.7
Stealth        | |  0.7

Action                   || total
-------------------------++-------
Melee: Short sword       ||    41
       Headbutt          ||     5
 Fire: Hand crossbow     ||     5
Armor: Leather armour    ||     7
Dodge: Dodged            ||    35

Table legend:
 A = Non-vault XP
 B = Vault XP
 C = Vault XP percentage of total XP
 D = Non-vault monster count
 E = Vault monster count
 F = Vault count percentage of total count
                 A         B        C        D         E       F
            +---------+---------+-------+---------+---------+-------
      Total |      48 |       0 |   0.0 |      16 |       0 |   0.0
            +---------+---------+-------+---------+---------+-------
        D:1 |      19 |       0 |   0.0 |      11 |       0 |   0.0
        D:2 |      29 |       0 |   0.0 |       5 |       0 |   0.0
            +---------+---------+-------+---------+---------+-------
